 Dungeon Crawl Stone Soup version 0.31.0-32-g396128a36d (webtiles) character file.

Game seed: 14373472805841692324

1240 spaghetti the Fighter (level 8, 0/102 HPs)
             Began as an Oni Chaos Knight on Mar 9, 2024.
             Was a Plaything of Xom.
             Slain by an orc wizard
             ... wielding a +0 dagger
              (2 damage)
             ... on level 9 of the Dungeon.
             The game lasted 00:06:02 (4056 turns).

spaghetti the Fighter (Oni Chaos Knight)            Turns: 4056, Time: 00:06:03

Health: 0/102      AC:  6    Str: 15    XL:     8   Next: 49%
Magic:  1/8        EV:  9    Int: 23    God:    Xom [*.....]
Gold:   256        SH:  0    Dex:  8    Spells: 6/7 levels left

rFire   . . .        a - +0 spear (chaos)
rCold   . . .        (no shield)
rNeg    . . .        b - +2 robe
rPois   .            (helmet restricted)
rElec   .            d - +0 cloak
rCorr   .            (gloves unavailable)
SInv    .            (boots unavailable)
Will    .....        l - amulet of the acrobat
Stlth   ++           (no ring)
HPRegen 0.37/turn    (no ring)
MPRegen 0.11/turn

%: acrobat, clarity
@: no status effects
A: large, unfitting armour, horns 1, tough skin 1, double potion healing,
drunken brawling, thin skeletal structure 1, clarity, clever 2
a: Renounce Religion


You were on level 9 of the Dungeon.
You worshipped Xom.
You were a special plaything of Xom.
You visited 1 branch of the dungeon, and saw 9 of its levels.

You collected 256 gold pieces.

Inventory:

Hand Weapons
 a - a +0 spear of chaos (weapon)
Armour
 b - a +2 robe (worn)
 d - a +0 cloak (worn)
 j - a scarf of invisibility
Magical Staves
 n - a staff of air
Jewellery
 l - an amulet of the acrobat (around neck)
Wands
 m - a wand of polymorph (10)
Scrolls
 e - 5 scrolls of identify
 f - 2 scrolls of enchant armour
Potions
 g - a potion of mutation


   Skills:
 + Level 13.4 Fighting
 - Level 3.0 Polearms
 - Level 2.1 Dodging


You had 6 spell levels left.
You knew the following spells:

 Your Spells              Type           Power      Damage    Failure   Level
a - Sting                 Conj/Alch      0%         1d3       16%         1

Your spell library contained the following spells:

 Spells                   Type           Power      Damage    Failure   Level
 Slow                     Hex            0%         N/A       16%         1
 Mercury Vapours          Alch/Air       0%         N/A       24%         2
 Confusing Touch          Hex            0%         N/A       43%         3
 Sigil of Binding         Hex            0%         N/A       43%         3
 Vampiric Draining        Necr           0%         2d6       43%         3
 Olgreb's Toxic Radiance  Alch           0%         N/A       83%         4


Dungeon Overview and Level Annotations

Branches:
Dungeon (9/15)             Temple (0/1) D:6
   Lair: D:8-11         Orc: D:9-12

Altars:
Okawaru
Ru
Zin

Annotations:
D:5 Ijyb, Robin


Innate Abilities, Weirdness & Mutations

You are too large for most types of armour.
You have a pair of small horns on your head.
You have tough skin. (AC +1)
You gain doubled healing and magic from potions.
Whenever you drink a healing potion, you attack all around you.
You have a somewhat thin skeletal structure. (Dex +2, Stealth+)
You possess an exceptional clarity of mind.
Your mind is very acute. (Int +8, Str/Dex -2)


Message History

The orc wizard is heavily wounded.
The orc wizard hits you but does no damage.
The orc completely misses you.
Unknown command.
You hit the orc wizard but do no damage.
Your headbutt misses the orc wizard.
The orc wizard is heavily wounded.
The orc wizard barely misses you. The orc barely misses you.
Unknown command.
You closely miss the orc wizard. Your headbutt misses the orc wizard.
The orc wizard is heavily wounded.
The orc wizard closely misses you. The orc hits you but does no damage.
Unknown command.
You barely miss the orc wizard.
The orc wizard is severely wounded.
The orc wizard hits you with a +0 dagger.
* * * LOW HITPOINT WARNING * * *
The orc barely misses you.
Unknown command.
Unknown command.
You hit the orc wizard but do no damage.
The orc wizard looks even sicker.
The orc wizard is severely wounded.
The orc wizard hits you but does no damage.
The orc hits you with a +0 mace.
* * * LOW HITPOINT WARNING * * *
Your magical contamination has completely faded away.
Unknown command.
Unknown command.
You hit the orc wizard but do no damage.
The orc wizard looks weaker.
The orc wizard is severely wounded.
The orc wizard hits you but does no damage.
The orc completely misses you.
Unknown command.
You barely miss the orc wizard.
The orc wizard is severely wounded.
The orc wizard hits you with a +0 dagger.
You die... "Huh?
Did I miss anything?"

#####.....########
..................
.......<..........
..................
..................
##########'########
#..........#
#....o.....#
#....o@....#
#..........#
########+###


You could see an orc wizard (very poisoned, weak) and an orc.

Vanquished Creatures
  A steam dragon (D:7)
  2 black bears (D:6)
  An ogre (D:5)
  A phantom (D:5)
  A kobold brigand (D:6)
  A bullfrog (D:6)
  2 hounds (D:6)
  A bombardier beetle (D:7)
  4 orc priests
  An iguana (D:6)
  Natasha (thrice) (D:2)
  4 orc wizards
  Terence (D:2)
  5 adders
  A shadow imp (D:6)
  4 ufetubi (D:6)
  3 dart slugs
  12 orcs
  6 endoplasms
  5 giant cockroaches
  7 goblins
  3 hobgoblins
  4 jackals
  3 quokkas
  5 ball pythons
  6 bats
  A frilled lizard (D:1)
  9 kobolds
  8 rats
105 creatures vanquished.

Vanquished Creatures (collateral kills)
  2 wights (D:8)
  An orc wizard (D:8)
  4 orcs
7 creatures vanquished.

Grand Total: 112 creatures vanquished

Notes
Turn   | Place    | Note
-------+----------+-------------------------------------------
     0 | D:1      | spaghetti the Oni Chaos Knight began the quest for the Orb.
     0 | D:1      | Reached XP level 1. HP: 24/24 MP: 1/1
   103 | D:1      | Reached XP level 2. HP: 28/33 MP: 2/2
   109 | D:1      | XOM: silly message
   143 | D:1      | XOM: divination: detect items
   190 | D:1      | Reached skill level 5 in Fighting
   342 | D:1      | XOM: silly message
   357 | D:1      | XOM: silly message
   502 | D:1      | Reached XP level 3. HP: 42/42 MP: 3/3
   590 | D:2      | Noticed Natasha
   598 | D:2      | Killed Natasha
   599 | D:2      | Reached skill level 6 in Fighting
   607 | D:3      | Reached XP level 4. HP: 19/53 MP: 4/4
   856 | D:2      | Noticed Natasha
   865 | D:2      | Killed Natasha
   866 | D:2      | Reached skill level 7 in Fighting
   895 | D:2      | Noticed Natasha
   906 | D:2      | XOM: potion effect (brilliance)
   908 | D:2      | Killed Natasha
   909 | D:2      | Reached XP level 5. HP: 22/62 MP: 5/5
  1062 | D:2      | Learned a level 1 spell: Sting
  1257 | D:2      | Noticed Terence
  1258 | D:2      | XOM: divination: detect items
  1265 | D:2      | Killed Terence
  1550 | D:2      | Found a faded altar of an unknown god.
  1763 | D:3      | Reached skill level 8 in Fighting
  1768 | D:3      | Found an iron altar of Okawaru.
  1817 | D:3      | You fall into a shaft and drop 1 floor!
  1920 | D:4      | Reached XP level 6. HP: 74/74 MP: 1/6
  2013 | D:4      | XOM: potion effect (might)
  2013 | D:4      | Noticed a black bear
  2018 | D:4      | XOM: silly message
  2022 | D:4      | Reached skill level 9 in Fighting
  2022 | D:5      | Entered Level 5 of the Dungeon
  2184 | D:5      | XOM: butterfly on damage
  2187 | D:5      | Reached skill level 10 in Fighting
  2187 | D:5      | Reached XP level 7. HP: 55/85 MP: 0/7
  2308 | D:5      | Noticed Robin
  2314 | D:5      | Noticed Ijyb
  2320 | D:5      | Gained mutation: You have a somewhat thin skeletal
                  | structure. (Dex +2, Stealth+) [potion of mutation]
  2320 | D:5      | Gained mutation: Your mind is acute. (Int +4, Str/Dex -1)
                  | [potion of mutation]
  2320 | D:5      | Gained mutation: Your mind is very acute. (Int +8, Str/Dex
                  | -2) [potion of mutation]
  2320 | D:5      | Gained mutation: You possess an exceptional clarity of
                  | mind. [potion of mutation]
  2360 | D:6      | XOM: silly message
  2698 | D:6      | Reached skill level 11 in Fighting
  2711 | D:6      | XOM: confuse monster(s)
  2843 | D:6      | Found a staircase to the Ecumenical Temple.
  2848 | D:6      | XOM: summons 3 hostile demons
  3108 | D:6      | XOM: noise
  3253 | D:6      | XOM: noise
  3278 | D:6      | XOM: 1-stop teleportation journey
  3286 | D:6      | Found a sacrificial altar of Ru.
  3332 | D:6      | Reached skill level 12 in Fighting
  3332 | D:6      | Reached XP level 8. HP: 94/98 MP: 8/8
  3472 | D:6      | Found a glowing silver altar of Zin.
  3555 | D:7      | XOM: 2-stop teleportation journey
  3928 | D:8      | XOM: enchant monster (good)
  4006 | D:8      | Reached skill level 13 in Fighting
  4045 | D:9      | XOM: enchant monster (good)
  4049 | D:9      | HP: 3/102 [orc/+0 mace (4)]
  4054 | D:9      | HP: 1/102 [orc/+0 mace (1)]
  4056 | D:9      | Slain by an orc wizard

Illustrated notes

Levels and vault maps discovered:
D:1:      dpeg_arrival_simpleton_b, layout_basic, serial_park_tiny_2
D:2:      layout_rooms, chequers_ecumenical_altar_simple_redux,
          kennysheep_generic_room_3, uniq_natasha, uniq_terence
D:3:      layout_basic, lemuel_tele_altar, kennysheep_slug_shrine,
          kiku_gazebo_garden_becter, mainiacjoe_overflow_surrounded_room,
          dk_noncrumbling_4
D:4:      layout_rooms, mainiacjoe_overflow_chevrons, vehumet_crystals,
          solitary_fountain, minmay_bent
D:5:      layout_rooms, nicolae_goblin_pals
D:6:      layout_rooms, nicolae_ru_great_annihilating_truth, zin_scriptorium,
          minmay_temple_entry_large_hall, dk_noncrumbling_3
D:7:      layout_rooms, nicolae_island_escapes
D:8:      layout_gridville
D:9:      layout_grid_maze, elyvilon_altar_3, nzn_hepliaklqana_mist_gate,
          enter_bailey_1, evilmike_minifort, uniq_harold

Skill      XL: |  1  2  3  4  5  6  7  8 |
---------------+-------------------------+-----
Fighting       | 5 6 7 8 10 12 13 | 13.4
Polearms       | |  3.0
Dodging        | |  2.1

Action                     |  1- 3 |  4- 6 |  7- 9 || total
---------------------------+-------+-------+-------++-------
  Melee: Spear             |    90 |   102 |   207 ||   399
         Headbutt          |     8 |    12 |    34 ||    54
         Punch             |       |     1 |     2 ||     3
   Cast: Sting             |       |    38 |    23 ||    61
    Use: Scroll            |       |     3 |     4 ||     7
         Potion            |       |     1 |     8 ||     9
   Stab: Sleeping          |     1 |       |     5 ||     6
         Confused          |       |       |     1 ||     1
         Paralysed         |       |       |     1 ||     1
 Armour: Robe              |    56 |    88 |   238 ||   382
  Dodge: Dodged            |    38 |    70 |   156 ||   264
